AoeStats
← Grand2024

Nomad

509195736Analyzed
2v2 RM · 6d ago on Sep 25, 2026· 68m 5s· 4 players
Game mode
Random Map
Map size
176×176
Population
200
Speed
Normal
Resources
Standard
Victory
Conquest
Starting age
Dark Age
Ending age
Imperial Age
RankedLock teamsTeams togetherTeam positionsShared explorationLock speedFull tech treeHidden civsTurbo modeCheats
Victory
Defeat
🇧🇪 Malay · Belgium
868
+14
🇺🇸 Romans · United States
763
+19
🇧🇷 Romans · Brazil
842
-38
🇬🇧 Italians · United Kingdom
805
-16
MadmanMike91
13:28 Loom
15:14 Feudal Age
15:50 Man-at-Arms
17:15 Double-Bit Axe
18:03 Arson
20:34 Castle Age
19:29 Scale Mail Armor
19:46 Fletching
20:25 Padded Archer Armor
20:39 Crossbowman
21:27 Thumb Ring
23:13 Medium Warships
23:55 Bow Saw
24:51 Town Watch
38:00 Imperial Age
38:31 Wheelbarrow
39:51 Hand Cart
42:56 Gold Mining
42:57 Stone Mining
44:18 Murder Holes
44:43 Ballistics
44:21 Bodkin Arrow
45:14 Elite Genoese Crossbowman
49:08 Onager
54:06 Chemistry
52:48 Treadmill Crane
53:18 Masonry
59:30 Light Cavalry
60:20 Bloodlines
60:11 Husbandry
61:05 Hussar
rodrigohcavalcante
4:01 Loom
17:33 Feudal Age
18:52 Wheelbarrow
17:59 Horse Collar
19:56 Man-at-Arms
30:31 Castle Age
28:27 Double-Bit Axe
28:51 Padded Archer Armor
28:52 Scale Mail Armor
28:57 Scale Barding Armor
34:51 Gold Mining
34:52 Stone Mining
41:31 Hand Cart
48:59 Bow Saw
48:52 Heavy Plow
51:28 Elite Skirmisher
54:09 Ballistas
59:11 Long Swordsman
xDATASURFERx
13:19 Loom
15:05 Feudal Age
16:14 Fishing Lines
16:25 Double-Bit Axe
18:16 Man-at-Arms
19:01 Scale Mail Armor
21:20 Padded Archer Armor
21:36 Gold Mining
25:25 Castle Age
24:01 Fletching
26:02 Crossbowman
26:14 Elite Skirmisher
29:36 Leather Archer Armor
29:17 Bodkin Arrow
42:53 Pikeman
43:33 Squires
52:43 Bow Saw
57:46 Husbandry
68:12 Horse Collar
69:10 Gold Shaft Mining
68:28 Stone Mining
Grand2024
2:48 Loom
17:54 Feudal Age
17:30 Fishing Lines
19:41 Man-at-Arms
24:12 Forging
23:54 Fletching
24:03 Double-Bit Axe
24:22 Padded Archer Armor
27:34 Castle Age
28:04 Bow Saw
31:06 Elite Skirmisher
33:21 Iron Casting
33:33 Wheelbarrow
32:44 Town Watch
33:03 Gold Mining
33:05 Stone Mining
33:26 Thumb Ring
32:52 Pikeman
33:33 Squires
33:27 Gillnets
34:05 Bodkin Arrow
36:03 Hand Cart
40:39 Imperial Age
40:10 Gold Shaft Mining
40:11 Stone Shaft Mining
40:03 Ballistics
39:26 Treadmill Crane
39:58 Masonry
39:45 Murder Holes
39:42 Capped Ram
41:28 Chemistry
41:14 Leather Archer Armor
42:18 Elite Karambit Warrior
43:07 Halberdier
47:01 Conscription
50:47 Blast Furnace
49:48 Bracer
50:18 Ring Archer Armor
49:31 Crossbowman
51:08 Siege Engineers
50:59 Murder Holes
54:13 Arbalester
55:36 Forced Levy
55:51 Arson
Connection lost

Rejoining the realm…

Still unreachable

The connection could not be restored.

Session expired

The server has moved on; the page needs a fresh start.